 Dungeon Crawl Stone Soup version 0.30-a0-313-gae38170b09 (webtiles) character file.

Game seed: 1402466425582288829

849 Kirkhe the Chiller (level 7, -4/69 HPs)
             Began as a Demonspawn Ice Elementalist on Oct 26, 2022.
             Slain by an ice beast (14 damage)
             ... on level 6 of the Dungeon.
             The game lasted 00:08:11 (4487 turns).

Kirkhe the Chiller (Demonspawn Ice Elementalist)    Turns: 4487, Time: 00:08:13

Health: -4/69      AC:  2    Str:  8    XL:     7   Next: 69%
Magic:  7/14       EV: 12    Int: 18    God:
Gold:   335        SH:  5    Dex: 14    Spells: 10/17 levels left

rFire   . . .      SeeInvis .    c - +0 club (elec)
rCold   . . .      Faith    .    (no shield)
rNeg    . . .      Spirit   .    a - +0 robe
rPois   .          Reflect  +    (helmet restricted)
rElec   .          Harm     .    (no cloak)
rCorr   .          Rampage  .    (no gloves)
Will    .....                    (no boots)
Stlth   ..........               h - amulet of reflection
HPRegen 0.31/turn                (no ring)
MPRegen 0.14/turn                (no ring)

@: berserking, hasted, invisible, very quick
A: horns 1, ignite blood 1, powered by death 1, low MP 1, screaming 1, wild
magic 1
a: no special abilities


You were on level 6 of the Dungeon.
You visited 1 branch of the dungeon, and saw 6 of its levels.

You collected 335 gold pieces.

Inventory:

Hand Weapons
 c - a +0 club of electrocution (weapon)
Missiles
 g - 3 throwing nets
Armour
 a - a +0 robe (worn)
Jewellery
 h - an amulet of reflection (around neck)
Wands
 m - a wand of iceblast (4)
Scrolls
 e - a scroll of brand weapon
 j - a scroll of acquirement {unknown}
 n - a scroll of enchant weapon {unknown}
 o - a scroll of butterflies
 t - a scroll of magic mapping {unknown}
 u - a scroll of blinking {unknown}
 w - a scroll of enchant armour {unknown}
 x - a scroll of fear {unknown}
 y - a scroll of poison {unknown}
Potions
 b - 2 potions of magic
 f - a potion of might
 i - a potion of attraction
 p - 2 potions of resistance
 r - 3 potions of ambrosia
 s - a potion of heal wounds {unknown}
 v - a potion of flight {unknown}
 z - a potion of curing {unknown}


   Skills:
 - Level 1.7 Dodging
 - Level 1.7 Stealth
 + Level 0.9 Shields
 + Level 5.7 Spellcasting
 + Level 6.8 Ice Magic


You had 10 spell levels left.
You knew the following spells:

 Your Spells              Type           Power      Damage    Failure   Level
a - Freeze                Ice            100%       1d10      1%          1
b - Frozen Ramparts       Ice            76%        1d12      4%          3
c - Ozocubu's Armour      Ice            38%        N/A       4%          3

Your spell library contained the following spells:

 Spells                   Type           Power      Damage    Failure   Level
 Beastly Appendage        Tmut           12%        N/A       17%         1
 Magic Dart               Conj           24%        1d4       17%         1
 Summon Small Mammal      Summ           24%        N/A       17%         1
 Call Imp                 Summ           6%         N/A       26%         2
 Summon Ice Beast         Ice/Summ       22%        N/A       38%         4
 Call Canine Familiar     Summ           6%         N/A       45%         3
 Dazzling Flash           Conj/Hex       12%        N/A       45%         3
 Ignite Poison            Fire/Tmut/Pois 6%         N/A       45%         3
 Mephitic Cloud           Conj/Pois/Air  6%         N/A       45%         3
 Summon Guardian Golem    Hex/Summ       6%         N/A       45%         3
 Animate Armour           Summ/Erth      12%        N/A       83%         4
 Iskenderun's Mystic Bla  Conj/Tloc      6%         2d4       83%         4
 Iron Shot                Conj/Erth      3%         9d2       100%        6
 Starburst                Conj/Fire      3%         6d3       100%        6
 Storm Form               Tmut/Air       3%         N/A       100%        7
 Disjunction              Tloc           3%         N/A       100%        8


Dungeon Overview and Level Annotations

Branches:
Dungeon (6/15)
 Temple: D:4-7

Altars:
Cheibriados
Hepliaklqana
Makhleb
Wu Jian


Innate Abilities, Weirdness & Mutations

You have a pair of small horns on your head.
Your demonic aura sometimes causes spilled blood to erupt in flames.
You regenerate a little health from kills.
Your magical capacity is low. (-10% MP)
You occasionally shout uncontrollably at your foes.
Your spells are a little harder to cast, but a little more powerful.


Message History

You barely miss the ice beast.
The ice beast is heavily wounded.
The ice beast completely resists.
The wall freezes the ice beast but does no damage.
The ice beast closely misses you.
You strike the helpless ice beast from behind!
You hit the ice beast but do no damage.
The ice beast is heavily wounded.
Your icy armour evaporates.
The ice beast completely resists.
The wall freezes the ice beast but does no damage.
The ice beast completely resists.
The wall freezes the ice beast but does no damage.
Your frozen ramparts will break if you move.
Continue?
Okay, then.
Unknown command.
The frozen ramparts melt away.
You hit the ice beast. Your headbutt misses the ice beast.
The ice beast is heavily wounded.
The ice beast barely misses you.
You closely miss the ice beast.
You headbutt the ice beast, but do no damage.
The ice beast is heavily wounded.
You hit the ice beast but do no damage. You headbutt the ice beast.
The ice beast is heavily wounded.
The ice beast closely misses you. The ice beast hits you.
The ice beast freezes you!
* * * LOW HITPOINT WARNING * * *
It was a potion of haste.
You feel yourself speed up. You block the ice beast's attack.
It was a potion of berserk rage.
A red film seems to cover your vision as you go berserk!
You feel yourself moving faster!
You feel mighty!
You hit the ice beast.
Lightning courses through the ice beast!
The ice beast is almost dead.
The ice beast hits you.
* * * LOW HITPOINT WARNING * * *
The ice beast freezes you!
You die...

#. #. ..<# #. ..#
#.# ... #.. ..# ..
#.. #.# #
....#..###.# .#
........<#)#..##..
.#.....?)Y@.......
###.#.#)#########
# #.#.# #.#.#
#.... #.#.# #.#.#
..#


You could see an ice beast (unable to see you).

Vanquished Creatures
  An ogre (D:5)
  A centaur (D:5)
  A gnoll sergeant (D:6)
  2 necrophages
  A scorpion (D:5)
  A vampire bat (D:3)
  2 orc priests (D:5)
  A hound (D:4)
  An iguana (D:5)
  A jelly (D:3)
  An orc wizard (D:6)
  5 adders
  10 gnolls
  A white imp (D:6)
  3 ufetubi
  A worm (D:3)
  2 dart slugs
  8 orcs
  An endoplasm (D:1)
  4 giant cockroaches (D:1)
  3 goblins
  2 hobgoblins
  6 kobolds
  4 quokkas
  3 ball pythons
  13 bats
  8 frilled lizards
  3 rats (D:2)
90 creatures vanquished.

Vanquished Creatures (others)
  4 plants
4 creatures vanquished.

Grand Total: 94 creatures vanquished

Notes
Turn   | Place    | Note
-------+----------+-------------------------------------------
     0 | D:1      | Kirkhe the Demonspawn Ice Elementalist began the quest for
                  | the Orb.
     0 | D:1      | Reached XP level 1. HP: 13/13 MP: 3/3
   203 | D:1      | Reached skill level 4 in Ice Magic
   211 | D:1      | Gained mutation: You regenerate a little health from kills.
                  | [demonic ancestry]
   211 | D:1      | Reached XP level 2. HP: 19/19 MP: 0/5
   516 | D:1      | Reached XP level 3. HP: 22/24 MP: 2/6
  1345 | D:2      | Learned a level 3 spell: Frozen Ramparts
  1349 | D:2      | Learned a level 3 spell: Ozocubu's Armour
  1526 | D:2      | Reached XP level 4. HP: 29/30 MP: 1/8
  2006 | D:2      | Gained mutation: You occasionally lose the ability to read
                  | scrolls when taking damage. [potion of mutation]
  2007 | D:2      | Lost mutation: You occasionally lose the ability to read
                  | scrolls when taking damage. [potion of mutation]
  2007 | D:2      | Gained mutation: Your magical capacity is low. (-10% MP)
                  | [potion of mutation]
  2007 | D:2      | Gained mutation: You occasionally shout uncontrollably at
                  | your foes. [potion of mutation]
  2007 | D:2      | Gained mutation: Your spells are a little harder to cast,
                  | but a little more powerful. [potion of mutation]
  2040 | D:3      | Got the Catalogue of Telluric Forms
  2045 | D:3      | Got Zungan's Guide on the Lithic Jaunt
  2177 | D:3      | Reached skill level 5 in Ice Magic
  2179 | D:3      | Reached XP level 5. HP: 32/35 MP: 2/9
  2246 | D:3      | Found a hazy altar of Hepliaklqana.
  2410 | D:3      | Found a burning altar of Makhleb.
  2414 | D:3      | Found a snail-covered altar of Cheibriados.
  3536 | D:5      | Entered Level 5 of the Dungeon
  3613 | D:5      | Found an ornate altar of the Wu Jian Council.
  3613 | D:5      | Noticed an ogre
  3738 | D:5      | Gained mutation: You have a pair of small horns on your
                  | head. [demonic ancestry]
  3738 | D:5      | Reached XP level 6. HP: 40/41 MP: 6/10
  3988 | D:5      | Reached skill level 6 in Ice Magic
  3990 | D:5      | Reached skill level 5 in Spellcasting
  3990 | D:5      | Gained mutation: Your demonic aura sometimes causes spilled
                  | blood to erupt in flames. [demonic ancestry]
  3990 | D:5      | Reached XP level 7. HP: 44/46 MP: 3/13
  4487 | D:6      | Slain by an ice beast

Illustrated notes

Levels and vault maps discovered:
D:1:      reono_arrival_mine, layout_basic
D:2:      layout_basic, serial_bayou, serial_bayou_ford_a, serial_bayou_shore_a,
          serial_bayou_pond_e, serial_bayou_lagoon_b, serial_bayou_lagoon_a,
          serial_bayou_pond_d
D:3:      layout_basic, grunt_temple_overflow_open,
          nicolae_hepliaklqana_hazy_memory, roderic_batcave
D:4:      layout_cave_pools, tso_oasis_becter, dk_noncrumbling_2
D:5:      layout_basic, nicolae_overflow_crystal_walls, elyvilon_altar_5
D:6:      lemuel_ice_spiral_2, layout_basic, lemuel_round_altar,
          mainiacjoe_overflow_catwalk

Skill      XL: |  1  2  3  4  5  6 |
---------------+-------------------+-----
Ice Magic      | 4 5 6 |  6.8
Spellcasting   | 3 4 5 |  5.7
Dodging        | |  1.7
Stealth        | |  1.7
Shields        | |  0.9

Action                   |  1- 3 |  4- 6 |  7- 9 || total
-------------------------+-------+-------+-------++-------
Melee: Club              |    37 |    46 |    32 ||   115
       Unarmed           |     1 |       |       ||     1
       Headbutt          |       |     4 |    10 ||    14
 Cast: Freeze            |    48 |    35 |     4 ||    87
       Frozen Ramparts   |       |     5 |     4 ||     9
       Ozocubu's Armour  |       |     2 |     2 ||     4
  Use: Scroll            |     3 |     8 |       ||    11
       Potion            |       |     2 |     3 ||     5
 Stab: Sleeping          |     7 |       |       ||     7
       Invisible         |       |       |     1 ||     1
Armor: Robe              |     7 |    22 |     9 ||    38
Dodge: Dodged            |    45 |    59 |    26 ||   130
Block: Other             |    10 |    17 |     5 ||    32
       Reflection        |       |     2 |       ||     2

Table legend: (Time is in decaauts)
 A = Elapsed time spent in this place.
 B = Non-inter-level travel time spent in this place.
 C = Inter-level travel time spent in this place.
 D = Time resting spent in this place.
 E = Time spent auto-exploring this place.
 F = Levels seen in this place.
 G = Mean time per level.
                   A        B        C        D        E       F      G
               +--------+--------+--------+--------+--------+-----+--------+
         Total |   4571 |   4411 |    160 |     42 |   3692 |   6 |  761.8 |
       Dungeon |   4571 |   4411 |    160 |     42 |   3692 |   6 |  761.8 |
               +--------+--------+--------+--------+--------+-----+--------+

Top non-repeatable levels by time:
     D:1: 1126 daAuts
     D:3: 946 daAuts
     D:2: 945 daAuts
     D:5: 911 daAuts
     D:4: 585 daAuts
     D:6: 54 daAuts
